[Event "45th FIDE Olympiad 2024"]
[Site "Budapest"]
[Date "2024.09.16"]
[Round "6.66"]
[White "Winston Gerald, Mansfield Thomas"]
[Black "Brookfield, Toby"]
[Result "1-0"]
[WhiteElo "1950"]
[BlackElo "1872"]
[PlyCount "105"]
[EventDate "2024.09.05"]
[EventType "team-tourn"]
[EventCountry "HUN"]
[WhiteTeam "Sierra Leone"]
[BlackTeam "Guernsey"]
[WhiteTeamCountry "SIE"]
[TimeControl "40/5400+30:1800+30"]

1. d4 Nf6 2. c4 c5 3. d5 e6 4. dxe6 fxe6 5. Nc3 Be7 6. Bg5 O-O 7. Nf3 Nc6 8. e3 b6 9. Be2 Bb7 10. O-O Ne8 11. Bf4 Nf6 12. Bd6 Bxd6 13. Qxd6 Ne8 14. Qg3 d5 15. Qh3 Rf6 16. Rad1 Rh6 17. Qg3 Nf6 18. Ne5 Qe7 19. Rd2 d4 20. Nxc6 Bxc6 21. Bf3 dxc3 22. Bxc6 Rc8 23. Qd6 Qxd6 24. Rxd6 cxb2 25. Bf3 Rh4 26. Be2 Ne4 27. Rd3 Kf7 28. g3 Rh6 29. f3 Nf6 30. Rb1 Ke7 31. Rxb2 Rd8 32. Rbd2 Rxd3 33. Rxd3 e5 34. f4 Nd7 35. Kg2 exf4 36. exf4 Rd6 37. Kf3 Rxd3+ 38. Bxd3 h6 39. Ke4 Ke6 40. f5+ Kd6 41. g4 Ne5 42. Be2 Nc6 43. a3 Nd4 44. Bd3 a6 45. a4 Kc6 46. h4 b5 47. cxb5+ axb5 48. Bxb5+ Nxb5 49. axb5+ Kxb5 50. g5 hxg5 51. hxg5 Kc6 52. f6 gxf6 53. g6 1-0

[Event "45th FIDE Olympiad 2024"]
[Site "Budapest"]
[Date "2024.09.16"]
[Round "6.67"]
[White "Druska, Juraj"]
[Black "Papaioannou, Ioannis"]
[Result "0-1"]
[ECO "B92"]
[WhiteElo "2441"]
[BlackElo "2615"]
[Annotator "TA"]
[PlyCount "80"]
[EventDate "2024.09.05"]
[EventType "team-tourn"]
[EventCountry "HUN"]
[SourceTitle "playchess.com"]
[Source "ChessBase"]
[SourceQuality "1"]
[WhiteTeam "Slovakia"]
[BlackTeam "Greece"]
[WhiteTeamCountry "SVK"]
[BlackTeamCountry "GRE"]
[TimeControl "40/5400+30:1800+30"]

1. e4 c5 2. Nf3 d6 3. d4 cxd4 4. Nxd4 Nf6 5. Nc3 a6 6. Be2 e5 7. Nf3 Be7 8. Bg5 Nbd7 9. a4 h6 10. Bxf6 Nxf6 11. Bc4 {The position is equal.} Be6 12. Qd3 Rc8 13. Nd2 O-O 14. O-O Qc7 15. Bb3 Qc5 16. Rfd1 Bd8 17. a5 Bg4 (17... Bxa5 $17 18. Bxe6 fxe6) 18. Rdb1 (18. Nf3 $15) 18... Bxa5 $17 19. Bxf7+ Rxf7 $19 (19... Kxf7 20. Nb3 Qc7 21. Nxa5) 20. Nb3 {[#]} Qb6 21. Nxa5 Be6 {Repels Nc4} 22. h3 {Repels Ng4} Nh5 23. Qe3 Qxe3 24. fxe3 Nf6 {Black has more active pieces.} 25. Rd1 Rd7 26. Nb3 Bf7 27. Rd3 Bg6 28. Nd2 Rc6 29. Ra4 (29. Kf1 $17) 29... b5 30. Rb4 Kf8 31. Kf2 (31. Nf1 $17 {might work better.}) 31... Ke7 32. Ke1 Rc5 33. Kd1 (33. g4 {keeps fighting.}) 33... Rdc7 34. g4 Be8 {[#] White must now prevent ...a5.} 35. Rb3 a5 {aiming for ...b4.} 36. Ne2 b4 {[%cal Oe8b5] Prevents Rbc3. Black is clearly winning.} 37. c3 Ba4 38. cxb4 axb4 {[%cal Oc5c2] Hoping for ...Rc2!} 39. Ke1 Bb5 40. Ng3 g6 {Inhibits Nf5+.   Weighted Error Value: White=0.33/Black=0.11 (very precise) .  Mistake:       	White=6     	Black=1      Inaccurate:     	White=3     	Black=1      OK:         	White=11    	Black=17     Best:        	White=3     	Black=1} 0-1

[Event "45th FIDE Olympiad 2024"]
[Site "Budapest"]
[Date "2024.09.16"]
[Round "6.67"]
[White "Owen, Garth I"]
[Black "Adeshole Beckley, Brian"]
[Result "1-0"]
[WhiteElo "1810"]
[BlackElo "1814"]
[PlyCount "101"]
[EventDate "2024.09.05"]
[EventType "team-tourn"]
[EventCountry "HUN"]
[WhiteTeam "Guernsey"]
[BlackTeam "Sierra Leone"]
[BlackTeamCountry "SIE"]
[TimeControl "40/5400+30:1800+30"]

1. c4 c6 2. Nf3 d5 3. b3 Nf6 4. g3 g6 5. Bb2 Bg7 6. Bg2 O-O 7. O-O Bf5 8. d3 Re8 9. Nbd2 Bg4 10. h3 Bxf3 11. Nxf3 e6 12. Qc2 Nbd7 13. e4 Qb6 14. e5 Nh5 15. d4 f6 16. c5 Qc7 17. exf6 Bxf6 18. Rae1 e5 19. dxe5 Nxe5 20. Nxe5 Bxe5 21. Rxe5 Rxe5 22. Qc3 Rae8 23. f4 Nxg3 24. Qxg3 Re2 25. Qc3 Rxb2 26. Qxb2 Qe7 27. Qf2 Qe2 28. Qxe2 Rxe2 29. Rf2 Re1+ 30. Kh2 Kg7 31. Bf3 Kf6 32. Bg4 Re7 33. Re2 Rxe2+ 34. Bxe2 Kf5 35. Kg3 Ke4 36. h4 d4 37. h5 a5 38. hxg6 hxg6 39. Kg4 d3 40. Bd1 Kd4 41. Kg5 Ke4 42. Kxg6 Kxf4 43. Kf6 Ke4 44. Ke6 Kd4 45. Kd6 Kc3 46. Kc7 Kd4 47. Kb6 Kd5 48. a3 Kd4 49. b4 axb4 50. axb4 Kc4 51. Kxb7 1-0

[Event "45th FIDE Olympiad 2024"]
[Site "Budapest"]
[Date "2024.09.16"]
[Round "6.68"]
[White "Kelires, Andreas"]
[Black "Kostolansky, Sebastian Lukas"]
[Result "1-0"]
[ECO "E06"]
[WhiteElo "2536"]
[BlackElo "2405"]
[Annotator "TA"]
[PlyCount "105"]
[EventDate "2024.09.05"]
[EventType "team-tourn"]
[EventCountry "HUN"]
[SourceTitle "playchess.com"]
[Source "ChessBase"]
[SourceQuality "1"]
[WhiteTeam "Greece"]
[BlackTeam "Slovakia"]
[WhiteTeamCountry "GRE"]
[BlackTeamCountry "SVK"]
[TimeControl "40/5400+30:1800+30"]

1. d4 Nf6 2. c4 e6 3. Nf3 d5 4. g3 Be7 5. Bg2 O-O 6. Nc3 dxc4 7. Ne5 Nc6 8. Bxc6 bxc6 9. Nxc6 Qe8 10. Nxe7+ Qxe7 11. Qa4 c5 12. dxc5 Qxc5 13. Be3 Qc7 14. f3 {Black is weak on the dark squares. White has an edge.} e5 (14... Nd5 $11 15. Bd4 Bb7) 15. O-O-O $14 Bb7 16. Qa3 e4 17. f4 {White is much more active.} (17. Bxa7 $2 exf3 (17... Bc6 $2 18. Qc5 $19) 18. Qc5 Qxc5 19. Bxc5 Rfc8 $19) (17. Qc5 Qxc5 18. Bxc5 Rfc8 $15) 17... Ng4 18. Bc5 {[%cal Oc5d6] aiming for Bd6!} Rfc8 19. h3 $1 Nf6 20. Be3 Rd8 21. Rxd8+ (21. Bxa7 $2 Bd5 22. Nb5 Qb7 $19) 21... Rxd8 22. Qxa7 Nd5 {Against Bb6} 23. Rd1 {Strongly threatening Nxd5.} (23. Nxe4 $2 Re8 (23... Qe7 $2 24. Rd1 $19) 24. Qc5 Rxe4 25. Qxc7 Nxc7 $19) 23... Nxc3 24. Rxd8+ (24. bxc3 Ra8 25. Qc5 Qxc5 26. Bxc5 h5 $18) 24... Qxd8 25. bxc3 $16 {[%mdl 4096] Endgame. KQB-KQB} (25. Qxb7 $2 Qd1#) 25... Bc6 26. Bd4 Qe8 27. g4 h6 28. h4 Ba4 29. Kd2 Bd7 30. f5 h5 31. gxh5 Bxf5 32. Ke3 f6 {[#]} (32... Kh7 $16 33. Qc5 Qe6) 33. h6 $1 $18 gxh6 (33... Qg6 34. Qxg7+) 34. Qa6 ({Better is} 34. Bxf6 $18 Bd7 35. Bd4) 34... Be6 {[#]} (34... Qe6 $16 35. Qxe6+ Bxe6) 35. Qd6 $1 ({Don't play} 35. Bxf6 $6 Kf7 $16) 35... Kf7 36. Qf4 $1 (36. Kxe4 Bd7+ 37. Kf4 Qe6 38. Qxe6+ Kxe6 $16) 36... f5 (36... Kg6 37. Qxf6+ (37. Qxe4+ f5 $16) 37... Kh5) 37. Qxh6 Ke7 38. Qg5+ Kd7 39. h5 Qb8 40. Qg7+ Kc6 41. Qe5 Qg8 42. Kf2 {And now Be3 would win.} Bd5 43. h6 {Threatens to win with Qf6+.} e3+ 44. Bxe3 {White mates.} Qg2+ 45. Ke1 Be4 46. Qf6+ Kd5 47. Qd4+ Ke6 48. Qxc4+ Bd5 49. Qc8+ Ke5 50. Qc7+ Ke6 51. h7 Qh1+ 52. Kd2 Bb7 53. Qc4+ {Black did not feel at home in the position after the opening.   Weighted Error Value: White=0.12 (very precise) /Black=0.39.  Mistake:       	White=1     	Black=4      Inaccurate:     	---       	Black=1      OK:         	White=12    	Black=8      Best:        	White=2     	---        Strong:       	White=3     	---        Brilliant:      	White=1     	---} 1-0

[Event "45th FIDE Olympiad 2024"]
[Site "Budapest"]
[Date "2024.09.16"]
[Round "6.68"]
[White "Abdul, Rahman Toronka"]
[Black "Hill, Jonathan"]
[Result "0-1"]
[WhiteElo "1557"]
[BlackElo "1756"]
[PlyCount "120"]
[EventDate "2024.09.05"]
[EventType "team-tourn"]
[EventCountry "HUN"]
[WhiteTeam "Sierra Leone"]
[BlackTeam "Guernsey"]
[WhiteTeamCountry "SIE"]
[TimeControl "40/5400+30:1800+30"]

1. e4 c6 2. d4 d5 3. e5 e6 4. c3 c5 5. Nf3 Nc6 6. Be2 h6 7. Qc2 Bd7 8. Nbd2 Rc8 9. Nf1 cxd4 10. Qd3 dxc3 11. bxc3 Nge7 12. Bf4 Ng6 13. Bg3 Be7 14. Qe3 Nh4 15. Nxh4 Bxh4 16. Nd2 Bg5 17. Qd3 a6 18. Nf3 Be7 19. O-O Na5 20. Rfc1 Bb5 21. Qe3 Bc5 22. Bxb5+ axb5 23. Qe2 Nc4 24. Nd2 O-O 25. Nb3 Bb6 26. Nd4 Qd7 27. Rab1 Bxd4 28. cxd4 Na3 29. Rxc8 Rxc8 30. Rd1 Rc2 31. Rd2 Qc6 32. Rxc2 Qxc2 33. Qxc2 Nxc2 34. Bf4 Nxd4 35. Be3 Nc6 36. f4 Nb4 37. a3 Nc2 38. Bc5 Kh7 39. Kf1 Na1 40. Ke2 Nb3 41. Bb4 b6 42. Kd3 Nc5+ 43. Kd4 Nb3+ 44. Kc3 Nc5 45. Kd4 Nb7 46. Bd6 Kg6 47. g4 f5 48. h3 fxg4 49. hxg4 h5 50. gxh5+ Kxh5 51. f5 exf5 52. e6 Nxd6 53. Ke5 Ne8 54. Kxf5 d4 55. Ke4 d3 56. Kxd3 Kg5 57. Kc3 Kf6 58. Kb4 Nd6 59. a4 Kxe6 60. axb5 g5 {0-} 0-1

[Event "45th FIDE Olympiad 2024"]
[Site "Budapest"]
[Date "2024.09.16"]
[Round "6.69"]
[White "Keymer, Vincent"]
[Black "Gascon Del Nogal, Jose Rafael"]
[Result "1-0"]
[ECO "D31"]
[WhiteElo "2730"]
[BlackElo "2454"]
[Annotator "TA"]
[PlyCount "55"]
[EventDate "2024.09.05"]
[EventType "team-tourn"]
[EventCountry "HUN"]
[SourceTitle "playchess.com"]
[Source "ChessBase"]
[SourceQuality "1"]
[WhiteTeam "Germany"]
[BlackTeam "Venezuela"]
[WhiteTeamCountry "GER"]
[BlackTeamCountry "VEN"]
[TimeControl "40/5400+30:1800+30"]

1. c4 e6 2. Nc3 d5 3. d4 h6 4. cxd5 exd5 5. Bf4 c6 6. e3 Bf5 7. Nge2 Nd7 8. h4 {The position is equal.} Qb6 9. Qd2 Ngf6 10. f3 h5 11. Ng3 Bg6 12. O-O-O Bb4 13. Bd3 O-O {[#]} (13... Bxd3 $11 14. Qxd3 O-O) 14. Bxg6 $1 $16 fxg6 15. Nge2 Rfe8 16. Qd3 Nf8 17. a3 Be7 18. Bg5 (18. Bg3 {simplifies} a5 19. Nf4 Qa6 20. Qxa6 Rxa6 21. Kd2) 18... Qb3 ({Black should play} 18... a5 $14) 19. Nf4 Rac8 20. Rd2 (20. Nxg6 $6 Nxg6 21. Qxg6 Bxa3 $11) 20... Kf7 21. e4 {White is more active.} (21. Bxf6 $142 gxf6 22. g4 hxg4 (22... Bd6 $2 23. Ne4 $18) 23. fxg4) 21... c5 22. Ncxd5 ({And not} 22. Nfxd5 cxd4 23. Qxd4 Ne6 $17) 22... Qa2 {This move loses the game for Black.} (22... cxd4+ $16 23. Kb1 Qxd3+ 24. Rxd3 Nxd5 25. exd5 (25. Nxd5 Bxg5 26. hxg5 Ne6 $11) 25... Bxg5 26. hxg5 Rc4) 23. Nxe7 $18 cxd4+ $2 (23... Rxe7 24. d5 b5) 24. Nxc8 {[#] Nd6+ would now be deadly. White is clearly winning.} Rxc8+ 25. Rc2 Qa1+ 26. Kd2 {White threatens Qb3+ and mate.} Rxc2+ 27. Kxc2 Qxh1 28. e5 {Weighted Error Value: White=0.09 (flawless) /Black=0.30.  Loses game:     	---       	Black=1      Mistake:       	White=1     	Black=3      Inaccurate:     	White=1     	Black=2      OK:         	White=5     	Black=9      Best:        	White=4     	---        Strong:       	White=1     	---} 1-0

[Event "45th FIDE Olympiad 2024"]
[Site "Budapest"]
[Date "2024.09.16"]
[Round "6.69"]
[White "Stetsenko, Ilya"]
[Black "Bhakta, Bahadur Monger"]
[Result "1-0"]
[WhiteElo "1903"]
[BlackElo "1911"]
[PlyCount "87"]
[EventDate "2024.09.05"]
[EventType "team-tourn"]
[EventCountry "HUN"]
[WhiteTeam "Aruba"]
[BlackTeam "Bhutan"]
[WhiteTeamCountry "ARN"]
[BlackTeamCountry "BTN"]
[TimeControl "40/5400+30:1800+30"]

1. d4 Nf6 2. c4 e6 3. Nf3 Bb4+ 4. Bd2 Bxd2+ 5. Qxd2 O-O 6. Nc3 d5 7. e3 b6 8. cxd5 Nxd5 9. e4 Ne7 10. Bc4 Ba6 11. Bxa6 Nxa6 12. O-O c5 13. Rfd1 cxd4 14. Qxd4 Qxd4 15. Rxd4 Rfd8 16. Rad1 Nc6 17. Rd6 Rxd6 18. Rxd6 Rc8 19. h3 h6 20. Nd4 Nxd4 21. Rxd4 Nb8 22. Nb5 a6 23. Na7 Re8 24. Rd6 b5 25. e5 Kf8 26. b4 g5 27. g3 Ke7 28. Nc6+ Nxc6 29. Rxc6 Ra8 30. Rc7+ Ke8 31. Rb7 Kf8 32. Rb6 a5 33. a3 axb4 34. axb4 Ra1+ 35. Kg2 Re1 36. Rxb5 Re4 37. Kf3 Rd4 38. Rb8+ Kg7 39. b5 h5 40. Ke3 Rb4 41. b6 f6 42. exf6+ Kxf6 43. b7 h4 44. Rf8+ 1-0

[Event "45th FIDE Olympiad 2024"]
[Site "Budapest"]
[Date "2024.09.16"]
[Round "6.70"]
[White "Ynojosa Aponte, Felix Jose"]
[Black "Kollars, Dmitrij"]
[Result "0-1"]
[ECO "A21"]
[WhiteElo "2398"]
[BlackElo "2659"]
[Annotator "TA"]
[PlyCount "60"]
[EventDate "2024.09.05"]
[EventType "team-tourn"]
[EventCountry "HUN"]
[SourceTitle "playchess.com"]
[Source "ChessBase"]
[SourceQuality "1"]
[WhiteTeam "Venezuela"]
[BlackTeam "Germany"]
[WhiteTeamCountry "VEN"]
[BlackTeamCountry "GER"]
[TimeControl "40/5400+30:1800+30"]

1. c4 e5 2. Nc3 Bb4 3. Qc2 Nf6 4. e3 O-O 5. a3 Bxc3 6. Qxc3 Re8 7. Nf3 d5 8. cxd5 {Black has an edge.} Nxd5 9. Qc2 Nc6 10. Bd3 (10. d3 $1 $11) 10... g6 $1 $15 11. Bb5 Bd7 12. Bc4 Nb6 {Hoping for ...Nxc4.} 13. Bd3 Qe7 14. Be4 Nd8 {aiming for ...f5.} 15. b3 (15. Qb1 $15) 15... f5 $19 16. Bd3 Nf7 $2 ({Better is} 16... e4 $19 17. Bb2 Ne6 (17... exd3 18. Qc3 $11)) 17. Bb2 $11 c5 (17... e4 $5 18. Qc3 $8 Qf8 $15 (18... exd3 19. Qg7#)) 18. h4 h5 {[#]} 19. Ng5 Nxg5 $17 20. hxg5 Qxg5 21. O-O-O (21. Qxc5 $2 Qxg2 (21... Rac8 $2 22. Qb4 $19) 22. Bc4+ (22. O-O-O $2 Rac8 $19) 22... Nxc4 23. Qxc4+ Re6 $19) 21... Rac8 22. f4 Qe7 (22... exf4 $6 23. Qc3 Qh6 24. exf4 $11) 23. g4 {[#]} (23. fxe5 $2 c4 24. Bxc4+ (24. bxc4 $2 Ba4 $19) 24... Nxc4 25. bxc4 Be6 $19) 23... c4 $1 (23... fxg4 $2 24. Bxg6 c4 25. b4 $18 (25. Bxe5 $2 cxb3 26. Rxh5 Qxa3+ 27. Bb2 Rxc2+ $19)) (23... e4 $2 24. gxh5 g5 25. Bc4+ Nxc4 26. Qxc4+ (26. bxc4 g4 $11) 26... Be6 27. Qc3 $18) 24. Bxc4+ Nxc4 25. bxc4 {[#]} b5 (25... fxg4 $2 26. Qxg6+ (26. Bxe5 $2 Bf5 $19) 26... Qg7 27. Qxh5 $18) (25... hxg4 26. d3 Qg7 27. d4 $16 (27. Bxe5 Rxe5 28. fxe5 Qxe5 $11) (27. fxe5 Be6 $11)) (25... Qe6 $1 $17 26. gxh5 (26. Bxe5 $2 Rxc4 27. Bc3 fxg4 $19) 26... Rxc4 (26... Ba4 27. Qxa4 Rxc4+ 28. Qxc4 $17)) 26. gxh5 $11 (26. Bxe5 $2 Rxc4 (26... bxc4 $2 27. gxh5 Qxa3+ 28. Bb2 $18) 27. Bc3 Qxa3+ (27... hxg4 $2 28. Rh8+ Kf7 29. Rh7+ Kf8 30. Rxe7 $18) 28. Qb2 Qc5 $19 (28... Qxb2+ $2 29. Kxb2 fxg4 30. d3 $19)) 26... Rxc4 $2 (26... bxc4 $2 27. hxg6 (27. Bxe5 Qxa3+ 28. Bb2 Qb3 $18) 27... Qc5 28. Kb1 $18 (28. fxe5 Be6 $18)) (26... g5 $1 $11 27. Rdg1 (27. fxe5 $2 Rxc4 28. Bc3 Qxa3+ 29. Qb2 Qa4 $19) 27... g4) 27. Qxc4+ $2 (27. Bc3 Qxa3+ (27... exf4 $2 {perishes.} 28. Qb3 $18) 28. Qb2) 27... bxc4 $19 28. Rdg1 {[#]} c3 $1 29. Bxc3 (29. dxc3 exf4) 29... Ba4 30. Rxg6+ Kh7 {Weighted Error Value: White=0.90/Black=0.20 (precise) .  Missed win:     	---       	Black=1      Mistake:       	White=4     	Black=2      Inaccurate:     	White=3     	Black=3      OK:         	White=7     	Black=3      Best:        	White=1     	Black=2      Strong:       	---       	Black=2} 0-1

[Event "45th FIDE Olympiad 2024"]
[Site "Budapest"]
[Date "2024.09.16"]
[Round "6.70"]
[White "Mahendra, Gurung"]
[Black "Croes, Octavio"]
[Result "0-1"]
[WhiteElo "1725"]
[BlackElo "1850"]
[PlyCount "184"]
[EventDate "2024.09.05"]
[EventType "team-tourn"]
[EventCountry "HUN"]
[WhiteTeam "Bhutan"]
[BlackTeam "Aruba"]
[WhiteTeamCountry "BTN"]
[BlackTeamCountry "ARN"]
[TimeControl "40/5400+30:1800+30"]

1. e4 c6 2. Nf3 d5 3. exd5 cxd5 4. d4 Nc6 5. c3 Bg4 6. h3 Bh5 7. Bf4 e6 8. Nbd2 Bd6 9. Bxd6 Qxd6 10. Bb5 Nf6 11. Qa4 O-O 12. O-O a6 13. Bxc6 bxc6 14. Ne5 c5 15. Rfe1 cxd4 16. Qxd4 Rab8 17. b3 Rfc8 18. Re3 a5 19. Rg3 Qc5 20. Qa4 Rc7 21. Re1 Bg6 22. Ree3 Rd8 23. Qh4 d4 24. Ne4 Qxe5 25. Rg5 Bf5 26. f4 Nxe4 27. fxe5 dxe3 28. Rxf5 Rd1+ 29. Rf1 e2 30. Re1 Rcd7 31. Kh2 g5 32. Qxe4 Rxe1 33. Kg3 h6 34. Qe3 Rdd1 35. c4 Ra1 36. Qd2 Kg7 37. c5 Rec1 38. Qxe2 Rxc5 39. Kg4 Rd5 40. g3 Rc1 41. h4 Rcc5 42. hxg5 hxg5 43. Qb2 Rxe5 44. a3 Kg6 45. b4 axb4 46. axb4 Rc4+ 47. Kh3 g4+ 48. Kg2 Rb5 49. Qh8 Rbxb4 50. Qg8+ Kf6 51. Qd8+ Ke5 52. Qg5+ f5 53. Qe3+ Kd5 54. Qd2+ Kc5 55. Kf2 Kb5 56. Qd7+ Rc6 57. Ke2 Rbc4 58. Qb7+ Rb6 59. Qd7+ Kb4 60. Kd2 Rbc6 61. Qb7+ Ka3 62. Qa7+ Ra4 63. Qd7 Rb6 64. Qe7+ Ka2 65. Qc5 Rb2+ 66. Kc1 Rab4 67. Qa7+ Kb3 68. Qe3+ Ka4 69. Qxe6 Rb1+ 70. Kc2 R4b2+ 71. Kc3 Rb3+ 72. Kc4 Rc1+ 73. Kd4 Rb4+ 74. Kd3 Rb3+ 75. Kd2 Rc5 76. Qa6+ Kb4 77. Qb6+ Kc4 78. Qe6+ Rd5+ 79. Kc2 Rxg3 80. Qe2+ Rgd3 81. Kc1 g3 82. Qa2+ Kd4 83. Qa7+ Ke4 84. Qe7+ Kf3 85. Qg5 Rd1+ 86. Kc2 f4 87. Qg7 g2 88. Qc3+ R5d3 89. Qc6+ Kf2 90. Qc5+ Rd4 91. Qg5 g1=Q 92. Qh4+ Qg3 {0-} 0-1

[Event "45th FIDE Olympiad 2024"]
[Site "Budapest"]
[Date "2024.09.16"]
[Round "6.71"]
[White "Bluebaum, Matthias"]
[Black "Escalona Landi, Samid Eduardo"]
[Result "1-0"]
[ECO "E93"]
[WhiteElo "2640"]
[BlackElo "2305"]
[Annotator "TA"]
[PlyCount "107"]
[EventDate "2024.09.05"]
[EventType "team-tourn"]
[EventCountry "HUN"]
[SourceTitle "playchess.com"]
[Source "ChessBase"]
[SourceQuality "1"]
[WhiteTeam "Germany"]
[BlackTeam "Venezuela"]
[WhiteTeamCountry "GER"]
[BlackTeamCountry "VEN"]
[TimeControl "40/5400+30:1800+30"]

1. c4 Nf6 2. Nc3 g6 3. e4 d6 4. d4 Bg7 5. Be2 O-O 6. Nf3 e5 7. d5 Nbd7 8. Be3 Ng4 9. Bg5 f6 10. Bc1 {E93: King's Indian: Classical: Petrosian System with 7...Nbd7.} f5 11. Ng5 Nc5 12. b4 Na6 13. Rb1 Nf6 14. O-O $146 ({Predecessor:} 14. Ne6 Bxe6 15. dxe6 Qe7 16. exf5 gxf5 17. Nd5 Nxd5 18. cxd5 Rac8 19. O-O Nb8 20. b5 {1-0 Hejazipour,M (2351)-Hashemi,S (1903) Asia zt 3.1 (Women) 2017 (7)}) 14... Qe7 15. c5 dxc5 16. d6 Qxd6 17. b5 $1 Nb8 18. Bc4+ Kh8 19. Nf7+ Rxf7 20. Bxf7 Qe7 21. Bb3 f4 22. Nd5 Qd6 23. Nxf6 Bxf6 24. Qc2 Nd7 25. Rd1 Qf8 (25... Qe7 $142) 26. Bb2 $16 a6 27. a4 a5 (27... axb5 $16 28. axb5 Kg7) 28. Rd3 $18 Kg7 29. Rbd1 Qe7 30. Qd2 Nf8 31. Bd5 Ne6 $2 {[#]} (31... Ra7 $16 32. Bc3 h5) 32. Bxb7 $1 $18 Bxb7 33. Rd7 Nd4 34. Rxe7+ Bxe7 35. Qd3 Bd6 36. f3 Ne6 37. Qc4 Kf6 38. Bc3 h5 39. h4 Nd4 40. Kh2 Ke7 41. Bb2 Rf8 42. Ba3 Ne6 43. Rd5 Bxd5 44. exd5 Nd4 45. Bxc5 Rf5 46. b6 cxb6 47. Bxb6 Rf8 48. Bxa5 Nf5 49. Bb4 Bxb4 50. Qxb4+ Nd6 51. Qc3 Nf7 52. Qc7+ (52. Qc5+ $142 Ke8 53. Qc6+ Ke7 54. Qe6+ (54. Qxg6 Rb8 $18) 54... Kd8 55. d6 (55. Qxg6 e4 $18) 55... Nxd6 56. Qxd6+ Ke8 57. Qxe5+ (57. Qxg6+ Rf7 $18) 57... Kd7 58. Qg7+ Ke8 59. a5 (59. Qxg6+ Ke7 60. a5 Rf6 61. Qg7+ Rf7 62. Qe5+ Kd8 63. a6 Rc7)) 52... Kf6 $18 53. a5 Rd8 54. a6 1-0

[Event "45th FIDE Olympiad 2024"]
[Site "Budapest"]
[Date "2024.09.16"]
[Round "6.71"]
[White "Pesqueira, Jose"]
[Black "Suk, Raj Monger"]
[Result "1-0"]
[WhiteElo "1880"]
[BlackElo "1821"]
[PlyCount "71"]
[EventDate "2024.09.05"]
[EventType "team-tourn"]
[EventCountry "HUN"]
[WhiteTeam "Aruba"]
[BlackTeam "Bhutan"]
[WhiteTeamCountry "ARN"]
[BlackTeamCountry "BTN"]
[TimeControl "40/5400+30:1800+30"]

1. Nf3 d5 2. d4 Bf5 3. e3 e6 4. c4 Bb4+ 5. Nc3 Nf6 6. a3 Bxc3+ 7. bxc3 Ne4 8. Qb3 b6 9. cxd5 exd5 10. c4 Be6 11. Bb2 O-O 12. Rc1 c6 13. Be2 Qe7 14. O-O g5 15. a4 g4 16. Ne5 Nd2 17. Qa3 Qxa3 18. Bxa3 Nxf1 19. Bxf8 Nxe3 20. fxe3 Kxf8 21. cxd5 Bxd5 22. Bxg4 f6 23. Nd3 a5 24. Bf5 Ra7 25. Rb1 b5 26. axb5 a4 27. b6 Ra5 28. Nc5 a3 29. Ra1 a2 30. Bd3 Ke7 31. e4 Bf7 32. Kf2 Nd7 33. b7 Nxc5 34. dxc5 Ra3 35. b8=Q Rxd3 36. Rxa2 1-0

[Event "45th FIDE Olympiad 2024"]
[Site "Budapest"]
[Date "2024.09.16"]
[Round "6.72"]
[White "Castro Torres, Jose Luis"]
[Black "Donchenko, Alexander"]
[Result "0-1"]
[ECO "B19"]
[WhiteElo "2299"]
[BlackElo "2638"]
[Annotator "TA"]
[PlyCount "108"]
[EventDate "2024.09.05"]
[EventType "team-tourn"]
[EventCountry "HUN"]
[SourceTitle "playchess.com"]
[Source "ChessBase"]
[SourceQuality "1"]
[WhiteTeam "Venezuela"]
[BlackTeam "Germany"]
[WhiteTeamCountry "VEN"]
[BlackTeamCountry "GER"]
[TimeControl "40/5400+30:1800+30"]

1. e4 c6 2. d4 d5 3. Nc3 dxe4 4. Nxe4 Bf5 5. Ng3 Bg6 6. Nf3 Nd7 7. h4 h6 8. h5 Bh7 9. Bd3 Bxd3 10. Qxd3 e6 11. Bf4 Qa5+ 12. Bd2 Bb4 13. c3 Be7 {The position is equal.} 14. c4 Qc7 15. Ne4 Ngf6 16. O-O-O b5 17. Nxf6+ Nxf6 18. Kb1 bxc4 19. Qxc4 O-O 20. Rc1 Rfc8 21. g4 Ne4 (21... Nxg4 $2 22. Rcg1 $18) (21... c5 {simplifies} 22. g5 Ne4 23. dxc5 Nxd2+ 24. Nxd2 Bxg5 25. Rc2 Rab8) 22. Be3 Qb7 23. g5 hxg5 {Black is more active.} (23... c5 $17 {Hoping for ...cxd4.} 24. dxc5 Bxc5) 24. h6 $1 $11 Bf6 {...gxh6 is the strong threat.} 25. Ne5 (25. hxg7 $11 {remains equal.} c5 26. Qb3 Qxb3 27. axb3) 25... g6 {[#]} (25... c5 $17 {Strongly threatening ...gxh6.} 26. Qxe6 gxh6 27. Nxf7 Qxf7 (27... Nc3+ 28. Rxc3 Qxf7 29. Qxf7+ Kxf7 30. Rxc5 $16) 28. Qxe4 cxd4) 26. Nxg6 $2 c5 $40 {[%mdl 128] Black has strong attack. The board is on fire.} 27. h7+ Kg7 28. h8=Q+ Rxh8 29. Nxh8 cxd4 30. Qc7 $2 {[%mdl 8192] This move loses the game for White.} (30. Nxf7 $2 dxe3 31. Qc2 Rc8 $19 (31... Kxf7 $2 32. fxe3 Kg6 33. Rh2 $19) (31... exf2 32. Nd6 $18)) (30. Bxg5 $17 Nxg5 31. Qc7) 30... Nc3+ $19 31. Rxc3 Qxh1+ 32. Rc1 Qe4+ 33. Ka1 Rxh8 ({Weaker is} 33... Kxh8 34. Qxf7 Bg7 (34... Qf3 35. Bxd4 Bxd4 36. Qxf3 Rb8 37. Qh5+ Kg8 38. Qxg5+ Kf8 39. Qf4+ Ke8 40. Qxb8+) 35. f3 $16 (35. Bxg5 Rf8 $14)) 34. Bd2 Rh1 35. a4 Rxc1+ 36. Qxc1 {[%mdl 4096] Endgame. KQB-KQB} d3 37. a5 (37. Bxg5 $142 Qxa4+ 38. Kb1 Qc2+ 39. Qxc2 dxc2+ 40. Kxc2 Bxg5 41. Kd3) 37... Kg6 38. Qc8 Qa4+ 39. Kb1 Qd1+ 40. Qc1 Qb3 {And now ...a6 would win.} 41. Be3 a6 42. Qd2 g4 43. Bf4 Bd4 {...e5 would now be deadly.} 44. Bg3 e5 45. Bh4 f6 46. Kc1 e4 {Black mates.} 47. Kb1 Kh5 48. Bg3 f5 49. Qc1 {[#]} Qc2+ $1 50. Qxc2 dxc2+ 51. Kxc2 Kg5 52. Bc7 Bxf2 53. Kd2 g3 54. Ke2 f4 {Weighted Error Value: White=0.56/Black=0.43.  Loses game:     	White=1     	---        Mistake:       	White=5     	Black=2      Inaccurate:     	White=3     	Black=1      OK:         	White=5     	Black=9      Best:        	White=1     	Black=3      Strong:       	White=1     	---} 0-1